 Dungeon Crawl Stone Soup version 0.30-a0-1114-gd936c97349 (webtiles) character file.

Game seed: 12102291013860579800

534692 Lavandula the Slayer (level 27, -10/325 HPs)
             Began as a Human Gladiator on Apr 21, 2023.
             Was an Initiate of Gozag.
             Mangled by a caustic shrike (22 damage)
             ... on level 2 of a ziggurat.
             The game lasted 04:05:12 (72818 turns).

Lavandula the Slayer (Human Gladiator)             Turns: 72818, Time: 04:05:13

Health: -10/325    AC:  0    Str: 29    XL:     27
Magic:  0/29       EV: 22    Int: 21    God:    Gozag
Gold:   5378       SH:  0    Dex: 18    Spells: 30/38 levels left

rFire   + + +      SeeInvis +    h - +1 lajatang (spect)
rCold   + + +      Faith    .    (shield currently unavailable)
rNeg    + . .      Spirit   +    S - +4 skin of Zhor {*Englaciate rC+++ SInv}
rPois   +          Reflect  .    c - +2 helmet "Enun" {+Inv rPois Int+4 Dex-2}
rElec   .          Rampage  .    w - +2 cloak {Will+}
rCorr   .                        M - +1 pair of gloves of Entitlement {*Corrode rF+ Will+ Regen+}
Will    ++++.                    R - +2 pair of boots of Poepso Tusy {rF+ rC+ Int+3 Stlth-} Stlth
                                 Z - amulet of guardian spirit
HPRegen 1.54/turn                y - ring "Rirafy" {rF+ AC+4}
MPRegen 0.21/turn                j - ring "Veli" {rN+ Str+5 Dex+6}

@: berserking, corroded, very quick
A: clever 1, frail 1, low MP 1, weak 1, no potion heal 1
}: 3/15 runes: decaying, slimy, gossamer
a: Renounce Religion, Evoke Invisibility, Potion Petition, Call Merchant, Bribe
Branch


You were on level 2 of a ziggurat.
You worshipped Gozag.
Gozag was greatly pleased with you.
You visited 12 branches of the dungeon, and saw 52 of its levels.
You visited 1 ziggurat, and saw 2 of its levels.
You also visited: Bailey, Gauntlet, Volcano and Wizlab.

You collected 24964 gold pieces.
You spent 7609 gold pieces at shops.
You paid 11977 gold pieces to Gozag.

Inventory:

Hand Weapons
 h - a +1 spectral lajatang (weapon)
 v - the +3 lajatang of Drought {heavy, rElec rF+ rCorr Str-5 SInv}
   (You acquired it on level 2 of the Spider Nest)

   Str:       It affects your strength (-5).
   rF:        It protects you from fire.
   rElec:     It insulates you from electricity.
   SInv:      It lets you see invisible.
   rCorr:     It protects you from acid and corrosion.
 x - a +8 lajatang of venom
 T - the +3 quarterstaff of Dasuhaozxi {speed, Dex+2}
   (You found it on level 4 of the Swamp)

   Dex:       It affects your dexterity (+2).
 X - the +0 lajatang of the Whelk {speed, SInv}
   (You bought it in a shop on level 10 of the Dungeon)

   SInv:      It lets you see invisible.
Missiles
 d - 4 throwing nets
 U - 12 silver javelins (quivered)
Armour
 c - the +2 helmet "Enun" (worn) {+Inv rPois Int+4 Dex-2}
   (You found it in a Gauntlet)

   Int:       It affects your intelligence (+4).
   Dex:       It affects your dexterity (-2).
   rPois:     It protects you from poison.
   +Inv:      It lets you turn invisible.
 o - the +3 faerie dragon scales {Will+ rCorr Stlth+}
   (You took it off the Enchantress on level 2 of the Depths)

   rCorr:     It protects you from acid and corrosion.
   Will:      It increases your willpower.
   Stlth:     It makes you more stealthy.
 w - a +2 cloak of willpower (worn)
 M - the +1 pair of gloves of Entitlement (worn) {*Corrode rF+ Will+ Regen+}
   (You found it on level 4 of the Spider Nest)

   rF:        It protects you from fire.
   Regen:     It increases your rate of health regeneration.
   *Corrode:  It may corrode you when you take damage.
   Will:      It increases your willpower.
 R - the +2 pair of boots of Poepso Tusy (worn) {rF+ rC+ Int+3 Stlth-}
   (You acquired it on level 4 of the Depths)

   Int:       It affects your intelligence (+3).
   rF:        It protects you from fire.
   rC:        It protects you from cold.
   Stlth:     It makes you less stealthy.
 S - the +4 skin of Zhor (worn) {*Englaciate rC+++ SInv}
   (You found it on level 5 of the Lair of Beasts)

   *Englaciate: It radiates cold, occasionally slowing all nearby creatures who
   are not resistant to cold.
   rC:        It renders you almost immune to cold.
   SInv:      It lets you see invisible.
Jewellery
 j - the ring "Veli" (right hand) {rN+ Str+5 Dex+6}
   (You found it on level 5 of the Lair of Beasts)

   [ring of dexterity]

   Str:       It affects your strength (+5).
   Dex:       It affects your dexterity (+6).
   rN:        It protects you from negative energy.
 y - the ring "Rirafy" (left hand) {rF+ AC+4}
   (You found it on level 3 of the Lair of Beasts)

   [ring of protection]

   AC:        It affects your AC (+4).
   rF:        It protects you from fire.
 H - the ring "Borebead" {rElec EV+5 Int-5 Stlth+}
   (You bought it in a shop on level 9 of the Dungeon)

   [ring of evasion]

   EV:        It affects your evasion (+5).
   Int:       It affects your intelligence (-5).
   rElec:     It insulates you from electricity.
   Stlth:     It makes you more stealthy.
 Z - an amulet of guardian spirit (around neck)
Wands
 g - a wand of charming (24)
 E - a wand of iceblast (50)
 I - a wand of flame (61)
 P - a wand of quicksilver (38)
Scrolls
 b - 4 scrolls of torment
 i - 14 scrolls of fog
 l - 14 scrolls of poison
 q - 7 scrolls of magic mapping
 r - 9 scrolls of vulnerability
 s - a scroll of blinking
 t - 39 scrolls of teleportation
 A - 3 scrolls of butterflies
 D - 3 scrolls of enchant armour
 W - 6 scrolls of silence
 Y - a scroll of immolation
Potions
 e - 7 potions of ambrosia
 f - 6 potions of attraction
 k - 7 potions of lignification
 p - 5 potions of resistance
 u - a potion of might
 z - 7 potions of invisibility
 B - 11 potions of haste
 C - 5 potions of flight
 F - 2 potions of heal wounds
 J - 16 potions of curing
 L - 7 potions of cancellation
 O - 9 potions of brilliance
 Q - 8 potions of mutation
 V - 3 potions of magic
Miscellaneous
 m - a box of beasts (inert)
 n - a phantom mirror (inert)
 G - a condenser vane (inert)
 N - a lightning rod (2/4)


   Skills:
 - Level 25.4 Fighting
 - Level 14.1 Staves
 - Level 2.0 Throwing
 - Level 10.4 Armour
 - Level 15.9 Dodging
 - Level 14.8 Stealth
 + Level 6.4 Spellcasting
 - Level 21.0 Summonings
 - Level 17.3 Evocations


You had 30 spell levels left.
You knew the following spells:

 Your Spells              Type           Power      Damage    Failure   Level
a - Summon Horrible Thin  Summ           38%        N/A       11%         8

Your spell library contained the following spells:

 Spells                   Type           Power      Damage    Failure   Level
 Summon Small Mammal      Summ           100%       N/A       0%          1
 Call Imp                 Summ           100%       N/A       0%          2
 Call Canine Familiar     Summ           76%        N/A       0%          3
 Summon Guardian Golem    Hex/Summ       50%        N/A       1%          3
 Animate Armour           Summ/Erth      100%       N/A       1%          4
 Summon Ice Beast         Ice/Summ       50%        N/A       1%          4
 Summon Cactus Giant      Summ           38%        N/A       1%          6
 Monstrous Menagerie      Summ           38%        N/A       1%          7
 Summon Mana Viper        Hex/Summ       50%        N/A       3%          5
 Beastly Appendage        Tmut           12%        N/A       10%         1
 Kiss of Death            Conj/Necr      24%        2d7       10%         1
 Magic Dart               Conj           24%        1d4       10%         1
 Sandblast                Erth           12%        2d6       10%         1
 Slow                     Hex            24%        N/A       10%         1
 Sting                    Tmut/Pois      24%        1d4       10%         1
 Blink                    Tloc           12%        N/A       14%         2
 Cigotuvi's Dreadful Rot  Necr/Pois/Air  12%        N/A       14%         2
 Ensorcelled Hibernation  Hex/Ice        12%        N/A       14%         2
 Lesser Beckoning         Tloc           12%        N/A       14%         2
 Momentum Strike          Conj/Tloc      12%        3d8       14%         2
 Passwall                 Tmut/Erth      5%         N/A       14%         2
 Searing Ray              Conj           12%        2d4       14%         2
 Sublimation of Blood     Necr           6%         N/A       14%         2
 Wereblood                Tmut           6%         N/A       14%         2
 Confusing Touch          Hex            6%         N/A       28%         3
 Frozen Ramparts          Ice            12%        1d2       28%         3
 Gell's Gravitas          Tloc           6%         N/A       28%         3
 Hailstorm                Conj/Ice       6%         3d4       28%         3
 Ignite Poison            Fire/Tmut/Pois 6%         N/A       28%         3
 Inner Flame              Hex/Fire       6%         N/A       28%         3
 Mephitic Cloud           Conj/Pois/Air  6%         N/A       28%         3
 Spider Form              Tmut/Pois      6%         N/A       28%         3
 Stone Arrow              Conj/Erth      12%        3d7       28%         3
 Teleport Other           Tloc           6%         N/A       28%         3
 Vampiric Draining        Necr           6%         2d6       28%         3
 Anguish                  Hex/Necr       3%         N/A       67%         4
 Cause Fear               Hex            3%         N/A       67%         4
 Dispel Undead            Necr           6%         3d8       67%         4
 Flame Wave               Conj/Fire      6%         2d5       67%         4
 Ice Form                 Ice/Tmut       6%         N/A       67%         4
 Manifold Assault         Tloc           6%         N/A       67%         4
 Olgreb's Toxic Radiance  Pois           6%         N/A       67%         4
 Petrify                  Tmut/Erth      6%         N/A       67%         4
 Sticky Flame             Conj/Fire      6%         2d3       67%         4
 Malign Gateway           Summ/Tloc      25%        N/A       71%         7
 Dragon's Call            Summ           38%        N/A       86%         9
 Alistair's Intoxication  Tmut/Pois      4%         N/A       95%         5
 Arcjolt                  Conj/Air       3%         1d13      95%         5
 Blade Hands              Tmut           3%         N/A       95%         5
 Borgnjor's Vile Clutch   Necr/Erth      3%         N/A       95%         5
 Irradiate                Conj/Tmut      3%         3d12      95%         5
 Metabolic Englaciation   Hex/Ice        3%         N/A       95%         5
 Yara's Violent Unravell  Hex/Tmut       3%         3d4       95%         5
 Death Channel            Necr           3%         N/A       100%        6
 Dispersal                Tloc           3%         N/A       100%        6
 Eringya's Noxious Bog    Tmut/Pois      3%         N/A       100%        6
 Iron Shot                Conj/Erth      3%         9d2       100%        6
 Statue Form              Tmut/Erth      4%         N/A       100%        6
 Dragon Form              Tmut           3%         N/A       100%        7
 Enfeeble                 Hex            3%         N/A       100%        7
 Borgnjor's Revivificati  Necr           3%         N/A       100%        8
 Discord                  Hex            3%         N/A       100%        8
 Disjunction              Tloc           3%         N/A       100%        8
 Ignition                 Fire           3%         3d4       100%        8
 Infestation              Necr           3%         N/A       100%        8
 Necromutation            Tmut/Necr      3%         N/A       100%        8
 Chain Lightning          Conj/Air       3%         3d4       100%        9
 Death's Door             Necr           3%         N/A       100%        9
 Fire Storm               Conj/Fire      3%         8d1       100%        9
 Shatter                  Erth           3%         3d7*      100%        9
 Simulacrum               Ice/Necr       Unusable   N/A       N/A         6

Dungeon Overview and Level Annotations

Branches:
Dungeon (15/15)            Temple (1/1) D:7            Lair (5/5) D:9
  Swamp (4/4) Lair:3       Spider (4/4) Lair:3        Slime (5/5) Lair:5
    Orc (2/2) D:9             Elf (3/3) Orc:2        Vaults (4/5) D:13
  Crypt (3/3) Vaults:2       Tomb (0/3) Crypt:3      Depths (4/4) D:15
    Zot (2/5) Depths:4     Bailey (visited)         Volcano (visited)
 WizLab (visited)         Gauntlet (visited)

Altars:
Ashenzari
Cheibriados
Dithmenos
Elyvilon
Fedhas
Gozag
Hepliaklqana
Kikubaaqudgha
Nemelex Xobeh
Okawaru
Qazlal
Ru
Sif Muna
Trog
Uskayaw
Vehumet
Wu Jian
Xom
Yredelemnul
The Shining One
Jiyva

Shops:
D:9 ?=   D:10 (   D:13 *=   Orc:2 (*:[   Elf:2 [   Elf:3 !   Lair:3 (
Vaults:3 =[[:([?(   Depths:1 *!   Depths:4 ?

Portals:
Hell: Depths:1 Depths:2 Depths:3 Depths:4
Abyss: Depths:3 Depths:4
Pandemonium: Depths:2 Depths:4
Trove: Vaults:2 (give +4 ice dragon scales)

Annotations:
Lair:3 Kirke
Spider:2 2 runed translucent doors, FlurksSlurper's ghost, adept DsBr
Elf:1 6 runed translucent doors
Vaults:2 2 transporters, fly's ghost, adept DgDe
Crypt:2 Mennas


Innate Abilities, Weirdness & Mutations

Your mind is acute. (Int +4, Str/Dex -1)
You are frail. (-10% HP)
Your magical capacity is low. (-10% MP)
You are weak. (Str -2)
Potions are less effective at restoring your health.


Message History

The caustic shrike misses your +1 spectral lajatang.
Unknown command.
You catch the helpless caustic shrike completely off-guard!
You hit the caustic shrike but do no damage.
The caustic shrike is almost dead.
Your +1 spectral lajatang hits the caustic shrike but does no damage.
The gargoyle is no longer moving slowly.
The caustic shrike barely misses your +1 spectral lajatang.
Unknown command.
You hit the caustic shrike.
The caustic shrike is almost dead.
Your +1 spectral lajatang hits the caustic shrike but does no damage.
The caustic shrike claws your +1 spectral lajatang!
Your spectral weapon shares its damage with you!
Your +1 spectral lajatang is splashed with acid.
Your spectral weapon shares its damage with you!
The gargoyle closely misses you.
You catch the helpless caustic shrike completely off-guard!
You hit the caustic shrike but do no damage.
The caustic shrike is almost dead.
Your +1 spectral lajatang hits the caustic shrike but does no damage.
The caustic shrike claws you!!
* * * LOW HITPOINT WARNING * * *
You are splashed with acid!
* * * LOW HITPOINT WARNING * * *
The caustic shrike claws you!
* * * LOW HITPOINT WARNING * * *
You are splashed with acid!
* * * LOW HITPOINT WARNING * * *
Your corrosive artefact corrodes you!
The gargoyle misses you.
A red film seems to cover your vision as you go berserk!
You feel yourself moving faster!
You feel mighty!
Your +1 spectral lajatang disappears.
The caustic shrike claws you!!
* * * LOW HITPOINT WARNING * * *
You are splashed with acid!
* * * LOW HITPOINT WARNING * * *
The caustic shrike claws you!!
You die...
Your body crumbles into a pile of gold.

▓▓▓ ▓▓▓.▓▓▓
▓▓.....▓▓
▓.......▓
▓▓.b.....▓▓
▓.(9@..∩..▓
▓▓.∩.....▓▓
▓.......▓
▓▓.....▓▓
▓▓▓.▓▓▓ ▓▓▓


You could see a caustic shrike and a gargoyle.

Vanquished Creatures
  the Royal Jelly (Slime:5)
  A dread lich (Depths:1)
  A royal mummy (WizLab)
  Boris (Depths:3)
  the Lernaean hydra (Swamp:4)
  Margery (Crypt:3)
  Bai Suzhen (Vaults:4)
  7 golden dragons
  the Enchantress (Depths:2)
  2 bone dragons
  4 tentacled monstrosities
  An electric golem (Zot:1)
  Mlioglotl (Spider:4)
  A walking earthen tome (Depths:3)
  2 deep elf blademasters
  3 titans
  5 liches
  3 quicksilver dragons
  Frances (Spider:2)
  5 death cobs
  2 ancient champions
  18 acid blobs
  3 shadow dragons
  3 storm dragons
  A thorn hunter (Depths:1)
  4 sphinxes
  9 azure jellies
  3 draconian monks
  7 fire giants
  6 frost giants
  2 revenants (Crypt:3)
  8 deep elf sorcerers (Elf:3)
  13 vault wardens
  5 draconian knights
  5 rockslimes (Slime:5)
  An iron dragon (Depths:2)
  Aizul (Elf:1)
  5 draconian scorchers
  A balrug (Depths:1)
  Louise (Spider:4)
  5 emperor scorpions
  2 orc warlords
  2 draconian stormcallers
  A draconian shifter (Zot:1)
  7 deep elf elementalists
  3 ghost moths (Spider:4)
  16 ironbound preservers
  6 ghouls
  3 curse skulls
  A caustic shrike zombie (WizLab)
  A draconian annihilator (Zot:1)
  2 broodmothers
  2 juggernaut skeletons
  4 spriggan defenders
  10 stone giants
  5 green draconians
  10 quicksilver oozes
  12 ironbound thunderhulks
  16 very ugly things
  8 deep elf demonologists
  9 vampire knights
  Azrael (D:14)
  2 black draconians (Zot:1)
  7 dire elephants
  5 bunyips
  4 yellow draconians
  7 deep elf annihilators
  7 white draconians
  A minotaur (Gauntlet)
  12 red draconians
  9 spark wasps
  A purple draconian (Depths:4)
  5 eidola (Crypt:3)
  A crystal guardian (Vaults:4)
  5 fire dragons
  10 jiangshi
  13 deep elf death magi
  2 entropy weavers
  2 mummy priests (WizLab)
  2 shambling mangroves (Depths:2)
  Josephine (D:11)
  8 ettins
  7 deep elf high priests
  9 yaktaur captains
  9 great orbs of eyes
  9 vault guards
  2 rakshasas
  3 spriggan air magi
  3 ice dragons
  A quicksilver dragon skeleton (Crypt:3)
  An anaconda (Lair:5)
  An ogre mage (Depths:1)
  A catoblepas (Lair:2)
  A peacekeeper (Vaults:4)
  21 hydras
  3 death knights
  5 ghost crabs
  A hell beast (Depths:4)
  4 ironbound frosthearts
  3 centaur warriors (D:13)
  5 deep troll shamans
  A boulder beetle (shapeshifter) (Elf:2)
  33 dancing weapons
  2 two-headed ogres
  4 alligators
  8 tengu warriors
  A jorogumo (Spider:4)
  6 radroaches
  A spectral stone giant (Crypt:3)
  8 boulder beetles
  A titan zombie (Crypt:2)
  A spectral draconian (Crypt:3)
  5 deep troll earth magi
  A death scarab (Spider:2)
  6 vampire magi
  An orc high priest (Orc:2)
  10 soul eaters
  5 hell knights (Crypt:3)
  5 spriggan berserkers
  2 sun demons (Depths:1)
  16 spriggans
  13 shadow wraiths (Crypt:3)
  15 deep elf knights
  9 skeletal warriors
  11 pharaoh ants
  Amaemon (Lair:2)
  A sea snake (shapeshifter) (Depths:3)
  2 skysharks
  6 iron trolls
  A flayed ghost (Crypt:3)
  4 glowing orange brains
  A sun moth (Spider:1)
  46 deep trolls
  8 goliath frogs
  3 bog bodies
  3 spriggan druids
  9 orb spiders
  10 swamp dragons
  19 deep elf pyromancers
  10 wizards
  A shadow dragon zombie (Depths:3)
  15 phantasmal warriors
  2 starcursed masses (Zig:1)
  A sphinx zombie (Depths:3)
  6 necromancers
  11 deep elf archers
  18 lindwurms
  9 steelbarb worms
  14 ironbound convokers
  8 orc knights
  2 frost giant zombies
  25 wolf spiders
  3 orc sorcerers
  2 shining eyes
  A spectral ettin (Crypt:3)
  29 deep elf zephyrmancers
  A will-o-the-wisp (Swamp:4)
  2 stone giant zombies (WizLab)
  4 fire giant zombies (WizLab)
  24 ugly things
  4 manticores
  A tengu skeleton (Depths:3)
  A spectral centaur (Crypt:3)
  2 frost giant skeletons
  5 cyclopes
  A goliath frog skeleton (Crypt:1)
  19 moths of wrath
  2 demonspawn zombies (WizLab)
  13 demonic crawlers
  Joseph (D:7)
  4 black mambas
  11 elephants
  A molten gargoyle (Depths:1)
  7 torpor snails
  20 vault sentinels
  An eye of devastation (Slime:2)
  2 orange demons
  2 human skeletons (Vaults:1)
  11 cane toads
  2 naga magi (D:15)
  2 smoke demons
  4 stone giant skeletons
  2 centaur skeletons
  A yellow draconian zombie (Crypt:2)
  Psyche (D:9)
  A gargoyle (D:11)
  2 kobold demonologists
  A dire elephant skeleton (Crypt:3)
  3 minotaur zombies
  8 rime drakes
  An efreet (Zot:2)
  22 yaktaurs
  A tengu conjurer (Depths:3)
  A swamp worm zombie (Crypt:1)
  7 komodo dragons
  13 freezing wraiths
  A spectral harpy (Crypt:3)
  An ice devil (Gauntlet)
  8 guardian mummies
  2 spriggan skeletons (Depths:2)
  A yellow draconian skeleton (Crypt:1)
  11 tyrant leeches
  8 trolls
  11 polar bears
  A hydra skeleton (Crypt:1)
  35 tarantellas
  3 meliai (Spider:3)
  A wolf spider simulacrum (D:15)
  A harpy skeleton (Crypt:3)
  22 hornets
  2 great orb of eyes zombies
  A shadow dragon simulacrum (Depths:2)
  Prince Ribbit (D:8)
  5 raiju
  31 blink frogs
  2 spriggan zombies
  A deep troll zombie (WizLab)
  9 flying skulls (Crypt:3)
  2 ice dragon zombies
  23 culicivoras
  54 slime creatures
  25 shadows
  An air elemental (Elf:2)
  27 jumping spiders
  3 centaur simulacra (D:15)
  15 wraiths
  Sigmund (D:2)
  3 water elementals
  An ettin skeleton (Crypt:2)
  20 humans (D:13)
  6 basilisks
  30 yaks
  A fire bat (shapeshifter) (D:6)
  8 wyverns
  7 hogs
  Eustachio (D:4)
  A golden eye (shapeshifter) (Elf:3)
  9 golden eyes
  26 fire elementals
  46 redbacks
  2 chaos spawn (Depths:4)
  A redback (shapeshifter) (Depths:2)
  6 vampire mosquitoes
  5 steam dragons
  21 swamp worms
  7 wargs
  18 hell hounds
  A faun zombie (Crypt:1)
  8 water moccasins
  5 acid dragons
  A glowing shapeshifter zombie (Vaults:1)
  A black bear (shapeshifter) (D:8)
  38 orc warriors
  3 ice beasts
  9 swamp drakes
  13 black bears
  2 hornet zombies
  5 ogres
  5 boggarts (Vaults:3)
  A swamp dragon skeleton (Crypt:1)
  11 centaurs
  A rime drake zombie (Crypt:3)
  28 wolves
  A phantom (D:6)
  13 kobold brigands
  4 gnoll sergeants
  Blork the orc (Orc:2)
  7 bullfrogs
  2 necrophages (Crypt:3)
  6 earth elementals
  3 scorpions
  A warg zombie (Crypt:2)
  9 killer bees
  A vampire bat (Depths:1)
  7 electric eels
  8 howler monkeys
  A centaur zombie (Crypt:2)
  13 hounds
  9 jellies
  Crazy Yiuf (D:2)
  A gnoll bouda (D:9)
  Ijyb (D:4)
  15 orc priests
  8 iguanas
  22 orc wizards
  A sky beast zombie (Crypt:1)
  A killer bee zombie (Crypt:2)
  7 mummies (Crypt:3)
  A howler monkey skeleton (Crypt:3)
  27 gnolls
  5 adders
  A shadow imp (D:8)
  5 white imps
  A worm (D:3)
  4 dart slugs
  A dart slug (shapeshifter) (Depths:3)
  86 orcs
  8 ball pythons
  6 endoplasms
  4 giant cockroaches
  13 goblins
  6 hobgoblins
  17 jackals
  3 quokkas
  A ball python zombie (Crypt:3)
  8 bats
  2 frilled lizards
  A frilled lizard zombie (Crypt:3)
  34 kobolds
  An orc zombie (Crypt:1)
  5 rats
  A spectral weapon (Depths:3)
2151 creatures vanquished.

Vanquished Creatures (collateral kills)
  A spriggan defender (Depths:2)
  A green draconian (Zot:1)
  A red draconian (Zot:2)
  A spark wasp (Lair:3)
  An ettin (Depths:3)
  3 hydras
  A two-headed ogre (D:14)
  2 deep trolls (Vaults:1)
  A wolf spider (Spider:2)
  An efreet (D:14)
  A spriggan (Depths:2)
  A culicivora (Lair:3)
  A swamp drake (Swamp:4)
  A jelly (Lair:5)
17 creatures vanquished.

Vanquished Creatures (others)
  A fire giant (Depths:1)
  A spark wasp (Depths:3)
  A goliath frog (Swamp:4)
  A deep troll (Vaults:4)
  2 swamp dragons (Swamp:4)
  An orb spider (Spider:4)
  3 deep elf zephyrmancers
  An orc knight (Orc:2)
  2 bloated husks
  An orc warrior (Orc:2)
  2 briar patches (Depths:2)
  6 foxfires (Swamp:4)
  35 fungi
  54 plants
  46 spectral weapons
157 creatures vanquished.

Grand Total: 2325 creatures vanquished

Notes
Turn   | Place    | Note
-------+----------+-------------------------------------------
     0 | D:1      | Lavandula the Human Gladiator began the quest for the Orb.
     0 | D:1      | Reached XP level 1. HP: 16/16 MP: 1/1
   133 | D:1      | Reached XP level 2. HP: 21/22 MP: 2/2
   405 | D:1      | Reached XP level 3. HP: 27/27 MP: 3/3
   943 | D:2      | Noticed Sigmund
   966 | D:2      | Reached XP level 4. HP: 29/34 MP: 4/4
  1050 | D:2      | You fall into a shaft and drop 2 floors!
  1076 | D:4      | Noticed a scorpion
  1097 | D:4      | Killed a scorpion
  1098 | D:4      | Reached skill level 3 in Fighting
  1098 | D:4      | Reached skill level 5 in Staves
  1098 | D:4      | Reached XP level 5. HP: 24/41 MP: 5/5
  1348 | D:4      | Reached XP level 6. HP: 43/47 MP: 6/6
  1995 | D:4      | Noticed Eustachio
  2000 | D:4      | Noticed Ijyb
  2007 | D:4      | Killed Eustachio
  2008 | D:4      | Reached XP level 7. HP: 17/53 MP: 7/7
  2018 | D:4      | Gained mutation: You are frail. (-10% HP) [potion of
                  | mutation]
  2018 | D:4      | Gained mutation: Your mind is acute. (Int +4, Str/Dex -1)
                  | [potion of mutation]
  2029 | D:4      | Killed Ijyb
  2374 | D:4      | Reached skill level 4 in Fighting
  3138 | D:3      | Found a faded altar of an unknown god.
  3629 | D:2      | Found a runed translucent door.
  3630 | D:2      | Noticed Crazy Yiuf
  3642 | D:2      | Killed Crazy Yiuf
  3847 | D:2      | Identified the +2 leather armour of Syndicalism {rC+}
  3854 | D:2      | Killed Sigmund
  3855 | D:2      | Reached XP level 8. HP: 45/54 MP: 8/8
  4108 | D:5      | Entered Level 5 of the Dungeon
  4108 | D:5      | Found a bloodstained altar of Trog.
  4299 | D:5      | Reached skill level 5 in Fighting
  4737 | D:5      | Reached XP level 9. HP: 55/62 MP: 9/9
  5079 | D:5      | Reached skill level 6 in Fighting
  5081 | D:5      | Reached skill level 10 in Staves
  6160 | D:6      | a shapeshifter changed into a harpy
  6160 | D:6      | Noticed a harpy (shapeshifter)
  6161 | D:6      | a harpy changed into an entropy weaver
  6161 | D:6      | Noticed an entropy weaver (shapeshifter)
  6483 | D:6      | Reached XP level 10. HP: 63/69 MP: 10/10
  6699 | D:6      | Found a snail-covered altar of Cheibriados.
  6878 | D:7      | Noticed Joseph
  6879 | D:7      | Noticed Prince Ribbit
  7021 | D:8      | Reached skill level 7 in Fighting
  7230 | D:8      | Killed Prince Ribbit
  7354 | D:7      | Killed Joseph
  7455 | D:7      | Found a staircase to the Ecumenical Temple.
  7469 | Temple   | Entered the Ecumenical Temple
  7513 | Temple   | Became a worshipper of Gozag Ym Sagoz the Greedy
  7731 | D:7      | Reached skill level 8 in Fighting
  7849 | D:8      | Reached skill level 1 in Evocations
  8062 | D:8      | Noticed a two-headed ogre
  8069 | D:8      | Killed a two-headed ogre
  8070 | D:8      | Reached XP level 11. HP: 61/78 MP: 11/11
  8601 | D:9      | Noticed Psyche
  8608 | D:9      | Killed Psyche
  8620 | D:9      | Identified the +5 morningstar of the Extremes {freeze, rF+
                  | Dex+4 Stlth+}
  8654 | D:9      | Found a staircase to the Lair.
  8978 | D:9      | Found a shimmering blue altar of Sif Muna.
  8978 | D:9      | Found a shimmering altar of Xom.
  8978 | D:9      | Found a broken altar of Ashenzari.
  8982 | D:9      | Found a sacrificial altar of Ru.
  8984 | D:9      | Found a shadowy altar of Dithmenos.
  8986 | D:9      | Found a stormy altar of Qazlal.
  8986 | D:9      | Found a white marble altar of Elyvilon.
  8987 | D:9      | Found a sparkling altar of Nemelex Xobeh.
  8989 | D:9      | Found a blossoming altar of Fedhas.
  8993 | D:9      | Found an ancient bone altar of Kikubaaqudgha.
  9003 | D:9      | Found an ornate altar of the Wu Jian Council.
  9344 | D:9      | Reached skill level 9 in Fighting
  9453 | D:9      | Noticed a two-headed ogre
  9461 | D:9      | Killed a two-headed ogre
  9462 | D:9      | Reached skill level 1 in Armour
  9751 | D:9      | Found a staircase to the Orcish Mines.
  9857 | D:10     | Entered Level 10 of the Dungeon
 10047 | D:10     | Found a flagged portal.
 10080 | Bailey   | Entered a bailey
 10313 | Bailey   | Found a burning altar of Makhleb.
 10591 | D:10     | Reached skill level 10 in Fighting
 10839 | D:10     | Bought a steaming lajatang for 620 gold pieces
 10839 | D:10     | Identified the +0 lajatang of the Whelk {speed, SInv} (You
                  | bought it in a shop on level 10 of the Dungeon)
 10908 | D:11     | Reached XP level 12. HP: 82/87 MP: 12/12
 11032 | D:11     | Noticed a boulder beetle
 11075 | D:11     | Killed a boulder beetle
 11472 | D:11     | Reached skill level 5 in Evocations
 11728 | D:11     | Noticed Josephine
 11741 | D:11     | Reached skill level 11 in Fighting
 11744 | D:11     | Killed Josephine
 12103 | D:12     | Reached skill level 5 in Armour
 12415 | D:12     | Noticed a two-headed ogre
 12551 | Lair:1   | Entered Level 1 of the Lair of Beasts
 12734 | Orc:1    | Entered Level 1 of the Orcish Mines
 12758 | Orc:1    | Reached skill level 12 in Fighting
 12849 | Orc:2    | Entered Level 2 of the Orcish Mines
 13059 | Orc:2    | Reached XP level 13. HP: 93/97 MP: 13/13
 13099 | Orc:2    | Paralysed by an orc sorcerer for 5 turns
 13104 | Orc:2    | Noticed Blork the orc
 13110 | Orc:2    | Found a dark tunnel.
 13118 | Volcano  | Entered a volcano
 13276 | Volcano  | Reached skill level 1 in Stealth
 13413 | Volcano  | Noticed a fire dragon
 13429 | Volcano  | Killed a fire dragon
 13576 | Orc:2    | Killed Blork the orc
 13628 | Orc:2    | Reached skill level 5 in Dodging
 13714 | Orc:2    | Noticed an orc warlord
 14121 | Orc:2    | Reached skill level 13 in Fighting
 14275 | Orc:2    | Paralysed by an orc sorcerer for 4 turns
 14290 | Orc:2    | Found Ykkogy's Book Boutique.
 14294 | Orc:2    | Found Mocsargh's Antique Weapon Boutique.
 14347 | Orc:2    | Killed an orc warlord
 14572 | Orc:2    | Noticed an ettin
 14589 | Orc:2    | Killed an ettin
 14712 | Orc:2    | Found a staircase to the Elven Halls.
 14841 | Orc:2    | Found Qugyzo Qawni's General Store.
 14847 | Orc:2    | Bought a ring of flight for 245 gold pieces
 14847 | Orc:2    | Bought a potion of heal wounds for 70 gold pieces
 14912 | Orc:2    | Found Cutum's Antique Armour Boutique.
 14919 | Orc:2    | Bought a runed plate armour for 858 gold pieces
 15136 | Orc:1    | Paralysed by an orc sorcerer for 5 turns
 15260 | D:9      | Bought a scroll of teleportation for 45 gold pieces
 15260 | D:9      | Bought a scroll of enchant armour for 112 gold pieces
 15260 | D:9      | Bought a scroll of fog for 60 gold pieces
 15261 | D:9      | Bought a scroll of identify for 30 gold pieces
 15261 | D:9      | Bought a scroll of identify for 30 gold pieces
 16051 | Lair:1   | Found a hazy altar of Hepliaklqana.
 16292 | Lair:2   | Noticed a catoblepas
 16302 | Lair:2   | Killed a catoblepas
 16383 | Lair:2   | Reached XP level 14. HP: 102/106 MP: 14/14
 16591 | Lair:2   | Found a gate leading to a gauntlet.
 16609 | Gauntlet | Entered a Gauntlet
 16609 | Gauntlet | Found a transporter.
 16609 | Gauntlet | Found a transporter.
 16619 | Gauntlet | Found a transporter.
 16622 | Gauntlet | Found a transporter.
 16633 | Gauntlet | Found a transporter.
 16633 | Gauntlet | Found a transporter.
 16641 | Gauntlet | Found a transporter.
 16659 | Gauntlet | Found a transporter.
 16680 | Gauntlet | Found a transporter.
 16681 | Gauntlet | Found a transporter.
 16691 | Gauntlet | Found a transporter.
 16694 | Gauntlet | Found a transporter.
 16834 | Gauntlet | Identified the +2 helmet "Enun" {+Inv rPois Int+4 Dex-2}
 16869 | Gauntlet | Noticed a minotaur
 16879 | Gauntlet | Killed a minotaur
 16887 | Gauntlet | Reached skill level 14 in Fighting
 16922 | Gauntlet | Got the Cyclopedia of Blasphemous Magicks and Toxins
 17443 | Lair:2   | Identified the +2 long sword of Narrow Valour {freeze, rC+
                  | rN+ Int-5 SInv}
 17572 | Lair:3   | Noticed Amaemon
 17595 | Lair:2   | Killed Amaemon
 18098 | Lair:3   | Identified the ring "Rirafy" {rF+ AC+4}
 18734 | Lair:3   | Found a staircase to the Swamp.
 19048 | Lair:3   | Found a hole to the Spider Nest.
 19058 | Lair:3   | Reached skill level 15 in Fighting
 19260 | Lair:4   | Noticed Kirke
 20004 | Lair:4   | Reached skill level 10 in Armour
 20004 | Lair:4   | Reached XP level 15. HP: 116/116 MP: 15/15
 20246 | Lair:5   | Entered Level 5 of the Lair of Beasts
 20883 | Lair:5   | Found a staircase to the Slime Pits.
 20890 | Lair:5   | Found a viscous altar of Jiyva.
 21331 | Lair:5   | Found the +4 skin of Zhor {*Englaciate rC+++ SInv}
 21866 | Lair:5   | Reached skill level 10 in Evocations
 21987 | Lair:5   | Reached skill level 16 in Fighting
 22016 | Lair:5   | Identified the ring "Veli" {rN+ Str+5 Dex+6}
 23799 | D:13     | Found Zonut's General Store.
 23822 | D:13     | Reached skill level 5 in Stealth
 23964 | D:13     | Bought a scroll of teleportation for 30 gold pieces
 23964 | D:13     | Bought 2 potions of curing for 60 gold pieces
 24049 | D:13     | Reached XP level 16. HP: 125/125 MP: 16/16
 24732 | D:13     | Found a gate to the Vaults.
 24738 | D:13     | Reached skill level 17 in Fighting
 25175 | D:14     | Noticed Azrael
 25374 | D:14     | Killed Azrael
 25751 | D:14     | Identified the +1 pair of boots of Jybirgh {rC+}
 25893 | D:15     | Entered Level 15 of the Dungeon
 26146 | D:15     | Found a broken altar of Ashenzari.
 26793 | D:15     | Found a staircase to the Depths.
 27269 | Swamp:1  | Entered Level 1 of the Swamp
 27894 | D:13     | Bought an amulet of guardian spirit for 630 gold pieces
 28493 | Swamp:1  | Reached skill level 18 in Fighting
 28997 | Swamp:2  | Reached XP level 17. HP: 98/134 MP: 13/17
 31543 | D:9      | Bought the ring "Borebead" {rElec EV+5 Int-5 Stlth+} for
                  | 507 gold pieces
 31603 | Spider:1 | Entered Level 1 of the Spider Nest
 31893 | Lair:3   | Reached skill level 10 in Dodging
 31897 | Lair:3   | Gained mutation: You are weak. (Str -2) [mutagenic glow]
 32325 | Swamp:4  | Entered Level 4 of the Swamp
 32877 | Swamp:4  | Identified the +3 quarterstaff of Dasuhaozxi {speed, Dex+2}
 33064 | Swamp:4  | Noticed the 27-headed Lernaean hydra
 33455 | Swamp:4  | Reached skill level 19 in Fighting
 33936 | Swamp:4  | Killed the 27-headed Lernaean hydra
 34137 | Swamp:4  | Reached XP level 18. HP: 115/144 MP: 15/18
 34422 | Swamp:4  | Got a decaying rune of Zot
 35962 | Spider:2 | Noticed Frances
 36114 | Spider:2 | Found a large runed translucent door.
 36114 | Spider:2 | Found a large runed translucent door.
 36119 | Spider:2 | Noticed FlurksSlurper's ghost (adept DsBr)
 37074 | Spider:2 | Killed Frances
 37074 | Spider:2 | Identified a scroll of acquirement
 37115 | Spider:2 | Acquired the +3 lajatang of Drought {heavy, rElec rF+ rCorr
                  | Str-5 SInv}
 37515 | Spider:2 | Reached skill level 20 in Fighting
 38944 | Spider:3 | Reached XP level 19. HP: 150/150 MP: 19/19
 39330 | Spider:4 | Entered Level 4 of the Spider Nest
 39444 | Spider:4 | Noticed Mlioglotl
 39476 | Spider:4 | Killed Mlioglotl
 41233 | Spider:4 | Noticed Louise
 41716 | Spider:4 | Killed Louise
 41864 | Spider:4 | Identified the +1 pair of gloves of Entitlement {*Corrode
                  | rF+ Will+ Regen+}
 41901 | Spider:4 | Got a gossamer rune of Zot
 42150 | Elf:1    | Entered Level 1 of the Elven Halls
 42161 | Elf:1    | Reached skill level 10 in Stealth
 42295 | Elf:1    | Reached skill level 21 in Fighting
 42839 | Elf:1    | Noticed Aizul
 42859 | Elf:1    | Killed Aizul
 43015 | Elf:1    | Found a runed translucent gate.
 43015 | Elf:1    | Found a runed translucent gate.
 43015 | Elf:1    | Found a runed translucent gate.
 43015 | Elf:1    | Found a runed translucent gate.
 43015 | Elf:1    | Found a runed translucent gate.
 43019 | Elf:1    | Found a runed translucent gate.
 43308 | Elf:2    | Reached XP level 20. HP: 162/162 MP: 20/20
 43344 | Elf:2    | Found a shimmering blue altar of Sif Muna.
 43417 | Elf:2    | Found Buon's Antique Armour Emporium.
 43820 | Elf:2    | Found a runed translucent gate.
 43820 | Elf:2    | Found a runed translucent gate.
 43823 | Elf:2    | Found a runed translucent gate.
 44370 | Orc:2    | Bought a book of the Dragon for 644 gold pieces
 45009 | Elf:3    | Entered Level 3 of the Elven Halls
 45116 | Elf:3    | Found Finn's Distillery.
 45121 | Elf:3    | Bought a potion of heal wounds for 75 gold pieces
 45121 | Elf:3    | Bought a potion of resistance for 150 gold pieces
 45121 | Elf:3    | Bought a potion of haste for 150 gold pieces
 45121 | Elf:3    | Bought a potion of curing for 45 gold pieces
 45121 | Elf:3    | Bought a potion of cancellation for 120 gold pieces
 45121 | Elf:3    | Bought 2 potions of mutation for 240 gold pieces
 46275 | Elf:3    | Reached skill level 15 in Evocations
 46329 | Elf:3    | Reached skill level 22 in Fighting
 46529 | Elf:3    | Identified the +2 broad axe "Ipsijus" {freeze, rElec rN+}
 46670 | Elf:3    | Identified the +7 lajatang "Dragonslayer" {antimagic, Fly}
 46677 | Elf:3    | Reached XP level 21. HP: 159/166 MP: 19/21
 46678 | Elf:3    | Identified the +6 broad axe of Urgency {flame, Str+3}
 47118 | Elf:3    | Identified the staff of fire "Edgha" {rElec rF+ rN+ Str-5}
 47125 | Elf:3    | Identified the staff of death "Upsuzy Viuss" {rF+ rN+}
 47130 | Elf:3    | Identified the staff of fire "Cafemi" {rF+ rC- rN+++ rCorr
                  | Str+2}
 47208 | Elf:3    | Identified the +1 arbalest of Mal Ote {flame, Fly Int+4}
 47213 | Elf:3    | Identified the staff of death "Veub" {rN+ Str+5}
 47219 | Elf:3    | Identified the staff of fire "Goji" {rF+ Stlth+}
 47340 | Elf:3    | Got the Almanac of Shaping and the Torch
 47348 | Elf:3    | Identified the +4 ring mail "Ciwemodu" {Str+2}
 47351 | Elf:3    | Identified the staff of conjuration "Domenugg" {Fragile
                  | +Blink rC+++ Stlth+}
 47725 | Vaults:1 | Entered Level 1 of the Vaults
 48512 | Vaults:1 | Found the +7 mace of Variability {chaos, chaos arc}
 49377 | Vaults:2 | Reached skill level 23 in Fighting
 49965 | Vaults:2 | Reached XP level 22. HP: 134/180 MP: 17/22
 50247 | Vaults:2 | Found a transporter.
 50247 | Vaults:2 | Found a transporter.
 50250 | Vaults:2 | Found a bloodstained altar of Trog.
 50250 | Vaults:2 | Noticed fly's ghost (adept DgDe)
 50468 | Vaults:2 | Found a staircase to the Crypt.
 50638 | Vaults:2 | Found a portal to a secret trove of treasure.
 51294 | Vaults:3 | Found a magical portal.
 51299 | WizLab   | Entered Doroklohe's Tomb
 51590 | WizLab   | Noticed a royal mummy
 51613 | WizLab   | Killed a royal mummy
 52165 | Vaults:3 | garbage
 52374 | Vaults:3 | Bought a scroll of blinking for 82 gold pieces
 52374 | Vaults:3 | Bought a scroll of blinking for 82 gold pieces
 52374 | Vaults:3 | Bought a scroll of enchant armour for 82 gold pieces
 52374 | Vaults:3 | Bought a scroll of teleportation for 33 gold pieces
 52374 | Vaults:3 | Bought a scroll of teleportation for 33 gold pieces
 52484 | Vaults:3 | Acquired a +2 lajatang of electrocution
 52524 | Vaults:3 | Found Sumn's Jewellery Emporium.
 52652 | Vaults:3 | Identified the +4 quarterstaff of Doom {pain, rElec rC+}
 52680 | Vaults:3 | Found Kaurghan's Weapon Shoppe.
 52702 | Vaults:3 | Reached skill level 24 in Fighting
 52780 | Vaults:3 | Found Eqow's Antique Armour Emporium.
 52862 | Vaults:3 | Reached skill level 15 in Dodging
 52949 | Vaults:3 | Found Pesen's Book Shop.
 52952 | Vaults:3 | Found Muoqox's Antique Armour Boutique.
 52954 | Vaults:3 | Found Xicvu's Antique Armour Boutique.
 53795 | Vaults:4 | Reached XP level 23. HP: 92/177 MP: 10/23
 54870 | Vaults:4 | Got Ranwek's Directory of Resurrection and Invitation
 54992 | Vaults:4 | Noticed Bai Suzhen
 55010 | Vaults:4 | Killed Bai Suzhen
 55079 | Vaults:4 | Got The Foundations of the Mind of the Magus
 55350 | Depths:1 | Entered Level 1 of the Depths
 55446 | Depths:1 | Found a stormy altar of Qazlal.
 55539 | Depths:1 | Reached skill level 25 in Fighting
 55602 | Depths:1 | Found a one-way gateway to a ziggurat.
 55602 | Depths:1 | Noticed a dread lich
 55630 | Depths:1 | Killed a dread lich
 55906 | Depths:1 | Found a gateway to Hell.
 55915 | Depths:1 | Identified the +7 chain mail "Wisiac" {Int+3}
 55963 | Depths:1 | Found Jaheef's Distillery.
 55978 | Depths:1 | Bought a potion of curing for 36 gold pieces
 55978 | Depths:1 | Bought a potion of heal wounds for 60 gold pieces
 55978 | Depths:1 | Bought a potion of invisibility for 96 gold pieces
 55978 | Depths:1 | Bought a potion of ambrosia for 96 gold pieces
 55978 | Depths:1 | Bought a potion of ambrosia for 96 gold pieces
 56118 | Depths:1 | Got Ciohuz's Folio of Shapes
 56968 | Depths:2 | Identified the +3 whip of the Shoals {flame, MP+9 Str+3}
 56996 | Depths:2 | Reached skill level 1 in Spellcasting
 56996 | Depths:2 | Reached skill level 1 in Summonings
 57244 | Depths:2 | Found a one-way gate leading to the halls of Pandemonium.
 57332 | Depths:2 | Noticed the Enchantress
 57593 | Depths:2 | Reached XP level 24. HP: 104/188 MP: 16/27
 58149 | Depths:2 | Killed the Enchantress
 58243 | Depths:2 | Found a radiant altar of Vehumet.
 58259 | Depths:2 | Found the sphere of Battle
 58262 | Depths:2 | Identified the staff of death "Rimiyff" {rN+ Str+3}
 58271 | Depths:2 | Got Sif Muna's Cyclopedia of the Mountains and the Winter
 58667 | Depths:3 | Reached skill level 5 in Summonings
 58821 | Depths:3 | Noticed Boris
 58845 | Depths:3 | Killed Boris
 59298 | Depths:3 | Found a hide-covered altar of Uskayaw.
 59903 | Depths:3 | Identified the +2 robe of Gallantry {rElec rC- Will+ Dex+3}
 59921 | Depths:3 | Found a one-way gate to the infinite horrors of the Abyss.
 60149 | Depths:4 | Entered Level 4 of the Depths
 60171 | Depths:4 | Reached skill level 10 in Summonings
 60569 | Depths:4 | Noticed a golden dragon
 60582 | Depths:4 | Killed a golden dragon
 61149 | Depths:1 | Bought a potion of curing for 51 gold pieces
 61149 | Depths:1 | Bought a potion of curing for 51 gold pieces
 61212 | Depths:4 | Bought a scroll of acquirement for 832 gold pieces
 61212 | Depths:4 | Bought a scroll of teleportation for 48 gold pieces
 61212 | Depths:4 | Bought a scroll of teleportation for 48 gold pieces
 61212 | Depths:4 | Bought a scroll of teleportation for 48 gold pieces
 61212 | Depths:4 | Bought a scroll of magic mapping for 120 gold pieces
 61212 | Depths:4 | Bought a scroll of silence for 152 gold pieces
 61212 | Depths:4 | Bought a scroll of fog for 64 gold pieces
 61212 | Depths:4 | Bought a scroll of immolation for 64 gold pieces
 61214 | Depths:4 | Acquired the +2 pair of boots of Poepso Tusy {rF+ rC+ Int+3
                  | Stlth-}
 61486 | Depths:4 | Found a gate to the Realm of Zot.
 62013 | Crypt:1  | Entered Level 1 of the Crypt
 62295 | Crypt:1  | Reached XP level 25. HP: 175/205 MP: 25/30
 62444 | Crypt:1  | Identified the +4 ring mail of the Swamp {rCorr Int+4}
 63457 | Crypt:2  | Reached skill level 5 in Spellcasting
 63977 | Crypt:2  | Noticed Mennas
 64100 | Crypt:2  | Found a basalt altar of Yredelemnul.
 64264 | Crypt:3  | Entered Level 3 of the Crypt
 64571 | Crypt:3  | Reached skill level 15 in Summonings
 64785 | Crypt:3  | Found a staircase to the Tomb.
 64848 | Crypt:3  | Identified the +3 chain mail of Omof {-Tele Fly Int-2
                  | Stlth+}
 65315 | Crypt:3  | Found a shimmering altar of Xom.
 65384 | Crypt:3  | Got Kikubaaqudgha's Vellum of the Salmon
 65815 | Crypt:3  | Noticed Margery
 65969 | Crypt:3  | Killed Margery
 66974 | Slime:1  | Entered Level 1 of the Pits of Slime
 66980 | Slime:1  | Gained mutation: Your magical capacity is low. (-10% MP) [a
                  | shining eye]
 66982 | Slime:1  | Gained mutation: Potions are less effective at restoring
                  | your health. [a shining eye]
 67011 | Slime:2  | Reached XP level 26. HP: 165/212 MP: 21/27
 67163 | Slime:5  | Entered Level 5 of the Pits of Slime
 67524 | Slime:5  | Noticed the Royal Jelly
 67560 | Slime:5  | Found a viscous altar of Jiyva.
 67644 | Slime:5  | Killed the Royal Jelly
 68081 | Slime:5  | Got a slimy rune of Zot
 68092 | Slime:5  | Identified the +0 glaive "Rionegg" {heavy, rElec rC+ Str+2
                  | Int-2}
 68099 | Slime:5  | Got the Catalogue of Force and Reconstruction
 68108 | Slime:5  | Identified the +5 broad axe of Calamity {elec, Str-3 Int+3
                  | Dex+4}
 68163 | Slime:5  | Identified the ring "Jiphif" {Ice rPois rN+}
 68595 | Zot:1    | Entered Level 1 of the Realm of Zot
 69460 | Zot:1    | HP: 14/315 [quicksilver dragon/bolt of dispelling energy
                  | (17)]
 69467 | Zot:1    | HP: 10/210 [quicksilver dragon/bolt of dispelling energy
                  | (15)]
 70646 | Zot:2    | Identified the +4 dagger of Analysis {freeze, rCorr Int-3
                  | Dex+5 Stlth+}
 71614 | Zot:2    | Reached XP level 27. HP: 217/217 MP: 28/28
 72564 | Vaults:3 | Bought a Grand Grimoire for 714 gold pieces
 72573 | Vaults:3 | Learned a level 8 spell: Summon Horrible Things
 72777 | Zig:1    | Entered Level 1 of a ziggurat
 72801 | Zig:2    | Entered Level 2 of a ziggurat
 72818 | Zig:2    | HP: 12/325 [acid (7)]
 72818 | Zig:2    | Mangled by a caustic shrike

Illustrated notes

$,* *,....*##.###.....#
,,*
*,.....#...#......#*******
*,*
*,................#~~,,,~~
*,*
*,,######'######..#~~,,,~~
*,*
*,.##...#.#...##..#,,,,,,,
,,*
*,.#..⌠.....⌠..#..#,,,,,,,
,,*
*,.##...#.#...##..#,,,,,,,
,,*
*,*######'#######.#~~,,,~~
***
*,*#...#.@.#...#*.#~~,,,~~
*,*,,♣...∩...♣,,*.#*******
*,*#...#...#...#*,* *****
*,*#############*,* ,,,,*
*,,,,,,,...,,,,,,,* ∩,,,*
********###******** ,,,,*
,,,,* ,,,,*


Turn 52165 on Vaults:3: garbage

Levels and vault maps discovered:
D:1:      dpeg_arrival_court, layout_loops_cross, minmay_heptomino_o4
D:2:      cheibrodos_pilgrimage, layout_rooms, uniq_sigmund,
          uniq_crazy_yiuf_cottage
D:3:      layout_loops_corners, basic_ecumenical_altar,
          nicolae_kite_square_tiling_tiny, minmay_statues_item, corexii_shack
D:4:      layout_basic, saegor_snake_ambush, uniq_eustachio, uniq_ijyb
D:5:      layout_cave_pods, mainiacjoe_overflow_boulevard, serial_gnoll_camp,
          gnoll_camp_mini_doghouse, gnoll_camp_mini_doghouse,
          gnoll_camp_mini_basic, gnoll_camp_mini_sergeant, minmay_misc_feat_rows
D:6:      layout_basic, kennysheep_slug_shrine
D:7:      layout_rooms, minmay_temple_entry_grid, uniq_joseph,
          uniq_prince_ribbit1
D:8:      layout_loops_ring
D:9:      layout_basic, nicolae_overflow_hallway_of_the_gods, dpeg_oklobed_lair,
          david_orc_4, uniq_psyche
D:10:     layout_rooms, enter_bailey_5
D:11:     layout_small_grid, kennysheep_generic_room_6, uniq_josephine
D:12:     kennysheep_big_flooded_room, layout_irregular_city
D:13:     layout_gridville, grunt_vaults_entry_tiered, serial_shops, shop,
          hangedman_decor_growths, kennysheep_generic_room_12
D:14:     layout_rooms, hellmonk_bongcloud_opening, minmay_unpleasant_kobolds,
          uniq_azrael
D:15:     grunt_enter_depths_magical_seal, layout_cross, serial_ice,
          serial_ice_l, serial_ice_b, serial_ice_a, serial_ice_c,
          ashenzari_altar_1
Temple:   compressed_dpeg_triangle_lava_temple
Lair:1:   layout_hall_layers, basic_altar, grunt_megastairs_1
Lair:2:   layout_chaotic_city, gauntlet_entry_generic
Lair:3:   layout_regular_city, palyth_hydra_swamp_entry,
          spider_nest_entry_funnel_web, st_stairs_10, uniq_amaemon
Lair:4:   layout_loops_ring, grunt_megastairs_2, uniq_kirke
Lair:5:   hangedman_lair_caniforms_friends, layout_hall_layers,
          guppyfry_lair_end_dragon, nicolae_slime_entry_field_trip,
          hellmonk_guarded_unrand_zhor
Swamp:1:  layout_basic_swamp, nicolae_swamp_big_swirl
Swamp:2:  layout_falls_marsh, nicolae_swamp_stair_fork
Swamp:3:  layout_basic_swamp, nicolae_swamp_little_swirl
Swamp:4:  swamp, layout_basic_swamp
Spider:1: layout_spider_delve
Spider:2: layout_spider_delve, ebering_ghost_disaster_area, uniq_frances
Spider:3: layout_cave_pods, hangedman_spider_tarantella_strand
Spider:4: spider_rune_water, nicolae_spider_bug_shape, uniq_louise,
          uniq_mlioglotl
Slime:1:  layout_caves
Slime:2:  layout_caves
Slime:3:  layout_caves, nicolae_slime_getting_an_eyeful
Slime:4:  layout_caves, cheibrodos_slime_lost_civilization_7
Slime:5
Orc:1:    layout_diamond_mine, basic_altar
Orc:2:    grunt_orc_cross, layout_caves, enter_volcano_2, basic_altar
Elf:1:    eino_elf_arrival_the_gate, layout_loops_cross, orc_legates,
          glass_columns_a, uniq_aizul
Elf:2:    nicolae_elf_blades_splatter_lattice [nicolae_blade_bullseye],
          layout_rooms, basic_altar, serial_shops, shop
Elf:3:    minmay_elf_hall_spiked, layout_geoelf_castle, serial_shops, shop
Vaults:1: hangedman_vaults_variations, nicolae_vaults_theta,
          nicolae_vaults_network_s, nicolae_vaults_alarming,
          vaults_mumra_chevron_long, serial_ice_h, hangedman_vaults_trim,
          v_misc_29, grunt_vaults_funnel, vaults_dpeg_encased_lava,
          layout_vaults_big_room
Vaults:2: gammafunk_ghost_wrathful_warriors, nicolae_vaults_arrows, v_rooms_6,
          minmay_crypt_entry_simple_sparse, v_misc_3,
          nicolae_vaults_little_squares_6, vaults_dpeg_ring, v_misc_33,
          hangedman_vaults_corner_blocks, vaults_dpeg_hooks, v_rooms_6,
          vaults_room_door_hall, nicolae_vaults_little_squares_1,
          layout_vaults_maze, enter_trove_0
Vaults:3: mu_enter_wizlab_2, st_smaller_cells, hangedman_vaults_nodes,
          vaults_room_octagon, hangedman_vaults_hat,
          nicolae_vaults_circle_grid_b, nicolae_vaults_hallways_thing,
          nicolae_vaults_three_branches, nicolae_vaults_what_the_h,
          vaults_room_fours, ontoclasm_vaults_gateway, dpeg_vaults_monster_box,
          vaults_room_pools, layout_vaults_ring, serial_shops,
          nicolae_shop_statue_plus, shop_statue, shop, shop,
          nicolae_shop_tiny_real_fake_doors
Vaults:4: ontoclasm_vaults_bender, hangedman_vaults_corner,
          hangedman_vaults_stretched_pinwheel, nicolae_vaults_ninety_degrees,
          layout_vaults_omnigrid, uniq_bai_suzhen
Crypt:1:  minmay_shadows, layout_misc_corridors, feat_on_display,
          grunt_crypt_arrival_webbed
Crypt:2:  layout_chaotic_city, basic_altar, minivault_25, lemuel_upstairs_altar,
          grunt_megastairs_5, lemuel_elevator, uniq_mennas
Crypt:3:  church_of_pain_bobbens, layout_chaotic_city,
          nicolae_tomb_entry_grand_gallery, uniq_margery
Depths:1: kennysheep_scales, layout_cave_pools, enter_ziggurat_c,
          lightli_too_deep, serial_shops, nicolae_shop_window_shopping,
          grunt_qazlal_clouds, hangedman_research_metamorphosis
Depths:2: grunt_forest_end_shrine, layout_cave_pools,
          grunt_hell_entry_dis_grunt, pan_entry
Depths:3: minmay_blocking_statues, layout_gridlike, hell_entry,
          nicolae_uskayaw_murder_on_the_dancefloor, abyss_entry_crystal,
          infiniplex_staircase_pillars_1, uniq_boris
Depths:4: evilmike_zot_entry_diamond, layout_small_grid, hell_entry,
          minmay_misc_feat_tower, rand_demon_pan_entry_9,
          abyss_entry_small_statue_room
Zot:1:    lemuel_draconian_sentries, layout_basic
Zot:2:    lemuel_firehouse, layout_cathedral_of_symmetry, uniq_josephina
Zig:2

Skill      XL: |  1  2  3  4  5  6  7  8  9 10 11 12 13 14 15 16 17 18 19 20 21 22 23 24 25 26 27 |
---------------+----------------------------------------------------------------------------------+-----
Staves         | 4 5 6 7 9 11 13 14 | 14.1
Fighting       | 3 4 5 6 8 10 12 13 15 16 18 19 20 21 22 23 24 25 | 25.4
Evocations     | 2 4 6 7 9 10 11 12 13 14 15 16 17 | 17.3
Armour         | 3 5 8 10 | 10.4
Dodging        | 4 5 7 9 11 12 13 14 15 | 15.9
Stealth        | 3 5 6 7 8 11 12 13 14 | 14.8
Spellcasting   | 3 4 5 6 |  6.4
Summonings     | 3 12 17 20 21 | 21.0
Throwing       | |  2.0

Action                     |  1- 3 |  4- 6 |  7- 9 | 10-12 | 13-15 | 16-18 | 19-21 | 22-24 | 25-27 || total
---------------------------+-------+-------+-------+-------+-------+-------+-------+-------+-------++-------
  Melee: Quarterstaff      |   107 |   105 |   303 |   347 |    24 |   105 |       |       |       ||   991
         Lajatang          |       |       |       |   289 |  1440 |  1529 |  1705 |  2001 |  1466 ||  8430
  Throw: Throwing net      |       |     4 |     2 |       |     1 |       |     1 |     1 |       ||     9
         Javelin           |       |     1 |       |     5 |     1 |     4 |     9 |     2 |     3 ||    25
         Dart              |       |       |       |    11 |     7 |       |       |       |       ||    18
 Invoke: Call Merchant     |       |       |       |     1 |     3 |     1 |       |     4 |       ||     9
         Potion Petition   |       |       |       |       |       |     1 |       |       |     1 ||     2
Ability: Evoke Invisibilit |       |       |       |       |     2 |     3 |     9 |     3 |     3 ||    20
  Evoke: Wand              |       |       |     1 |     2 |    17 |    23 |     6 |     8 |    13 ||    70
         Lightning rod     |       |       |       |     4 |     8 |    12 |    12 |     5 |     7 ||    48
         Box of beasts     |       |       |       |       |     2 |     2 |     3 |     3 |     4 ||    14
         Condenser vane    |       |       |       |       |     2 |     5 |     6 |     6 |     3 ||    22
         Phantom mirror    |       |       |       |       |     2 |     4 |     3 |     3 |     3 ||    15
    Use: Potion            |       |     4 |     4 |     3 |     5 |     8 |     9 |    15 |     8 ||    56
         Scroll            |       |     4 |    12 |     9 |    13 |     6 |     2 |    21 |    10 ||    77
   Stab: Sleeping          |     2 |       |       |       |       |    13 |    24 |    21 |    25 ||    85
         Held in net/web   |       |     2 |     1 |       |     4 |       |     1 |     4 |       ||    12
         Paralysed         |       |       |     3 |     2 |       |       |       |       |       ||     5
         Distracted        |       |       |     1 |     8 |     9 |    14 |     7 |    34 |    39 ||   112
         Confused          |       |       |       |     1 |       |       |       |       |       ||     1
         Invisible         |       |       |       |       |     4 |    14 |    55 |    12 |    14 ||    99
 Armour: Leather armour    |    13 |       |    89 |       |       |       |       |       |       ||   102
         Ring mail         |    24 |    45 |       |       |       |       |       |       |       ||    69
         Scale mail        |       |       |    29 |    88 |   340 |       |       |       |       ||   457
         Skin              |       |       |       |    14 |       |       |       |       |       ||    14
         Chain mail        |       |       |       |    74 |       |       |       |       |       ||    74
         Plate armour      |       |       |       |       |   124 |       |       |       |       ||   124
         Animal skin       |       |       |       |       |   110 |   530 |   286 |   381 |   223 ||  1530
         Acid dragon scale |       |       |       |       |       |       |       |       |   162 ||   162
  Dodge: Dodged            |    84 |    61 |   207 |   229 |   626 |   973 |   690 |   954 |   851 ||  4675

Table legend: (Time is in decaauts)
 A = Elapsed time spent in this place.
 B = Non-inter-level travel time spent in this place.
 C = Inter-level travel time spent in this place.
 D = Time resting spent in this place.
 E = Time spent auto-exploring this place.
 F = Levels seen in this place.
 G = Mean time per level.
                   A        B        C        D        E       F      G
               +--------+--------+--------+--------+--------+-----+--------+
         Total |  69082 |  62748 |   6334 |  11304 |  33894 |  58 | 1191.1 |
       Dungeon |  17615 |  15143 |   2472 |   2101 |  10008 |  15 | 1174.3 |
        Temple |     59 |     45 |     14 |      0 |     36 |   1 |   59.0 |
          Lair |   8338 |   7175 |   1163 |   1098 |   4486 |   5 | 1667.6 |
         Swamp |   6132 |   5776 |    356 |   1792 |   2756 |   4 | 1533.0 |
   Spider Nest |   6650 |   6401 |    249 |   1692 |   3126 |   4 | 1662.5 |
    Slime Pits |   1194 |   1160 |     34 |    271 |    252 |   5 |  238.8 |
  Orcish Mines |   2079 |   1830 |    249 |    288 |   1088 |   2 | 1039.5 |
   Elven Halls |   4899 |   4633 |    266 |    991 |   1977 |   3 | 1633.0 |
        Vaults |   6104 |   5577 |    527 |    454 |   3704 |   4 | 1526.0 |
         Crypt |   4125 |   3924 |    201 |    362 |   2228 |   3 | 1375.0 |
        Depths |   6637 |   5886 |    751 |   1155 |   3113 |   4 | 1659.2 |
           Zot |   3400 |   3353 |     47 |    793 |    762 |   2 | 1700.0 |
      Ziggurat |     34 |     34 |      0 |      0 |      0 |   2 |   17.0 |
        Bailey |    341 |    341 |      0 |     99 |     76 |   1 |  341.0 |
       Volcano |    424 |    424 |      0 |    114 |    185 |   1 |  424.0 |
        Wizlab |    764 |    764 |      0 |     64 |     96 |   1 |  764.0 |
      Gauntlet |    279 |    279 |      0 |     24 |      0 |   1 |  279.0 |
               +--------+--------+--------+--------+--------+-----+--------+

Top non-repeatable levels by time:
  Lair:3: 2772 daAuts
Spider:4: 2460 daAuts
Depths:3: 2352 daAuts
   Elf:3: 2279 daAuts
  Lair:5: 2229 daAuts
    D:13: 2034 daAuts
 Swamp:4: 1997 daAuts
 Crypt:3: 1977 daAuts
     D:9: 1895 daAuts
Vaults:2: 1795 daAuts
   Zot:2: 1703 daAuts
   Zot:1: 1696 daAuts
Vaults:3: 1626 daAuts
 Swamp:2: 1614 daAuts
Depths:2: 1574 daAuts
